 Dungeon Crawl Stone Soup version 0.29-a0-994-gc5c9f59d18 (webtiles) character file.

Game seed: 10987258338315946324

5338 HoaS the Marksgargoyle (level 10, -8/53 HPs)
             Began as a Gargoyle Hunter on Aug 3, 2022.
             Was a Follower of Okawaru.
             Mangled by a slime creature (11 damage)
             ... on level 12 of the Dungeon.
             The game lasted 00:18:02 (7329 turns).

HoaS the Marksgargoyle (Gargoyle Hunter)            Turns: 7329, Time: 00:18:03

Health: -8/53      AC: 14    Str: 14    XL:     10   Next: 65%
Magic:  0/12       EV: 11    Int: 11    God:    Okawaru [*.....]
Gold:   527        SH:  0    Dex: 17    Spells: 9/9 levels left

rFire   . . .      SeeInvis .   a - +2 shortbow (elec)
rCold   + . .      Faith    .   (shield currently unavailable)
rNeg    + . .      Spirit   +   c - +0 leather armour
rPois   ∞          Reflect  .   e - +1 helmet
rElec   +          Harm     .   (no cloak)
rCorr   .          Rampage  .   f - +0 pair of gloves
Will    .....                   t - +0 pair of boots
Stlth   ++........              j - amulet of guardian spirit
HPRegen 0.17/turn               k - ring of protection from cold
MPRegen 0.13/turn               (no ring)

@: about to teleport
A: sickness immunity, AC +7, negative energy resistance 1, electricity
resistance, torment resistance 1, petrification resistance
a: Renounce Religion, Heroism


You were on level 12 of the Dungeon.
You worshipped Okawaru.
Okawaru was aware of your devotion.
You visited 2 branches of the dungeon, and saw 11 of its levels.
You also visited: Sewer.

You collected 527 gold pieces.

Inventory:

Hand Weapons
 a - a +2 shortbow of electrocution (weapon)
Missiles
 y - a throwing net
Armour
 c - a +0 leather armour (worn)
 d - a +0 ring mail
 e - a +1 helmet (worn)
 f - a +0 pair of gloves (worn)
 t - a +0 pair of boots (worn)
Jewellery
 j - an amulet of guardian spirit (around neck)
 k - a ring of protection from cold (left hand)
 v - a ring of flight
Wands
 q - a wand of light (6)
 C - a wand of flame (7)
Scrolls
 b - 3 scrolls of immolation
 o - a scroll of fear
Potions
 g - 2 potions of berserk rage {unknown}
 h - 5 potions of mutation
 i - 3 potions of curing
 l - 5 potions of attraction
 m - a potion of experience {unknown}
 n - 2 potions of degeneration {unknown}
 p - 3 potions of brilliance {unknown}
 r - a potion of magic {unknown}
 s - 2 potions of heal wounds {unknown}
 w - 3 potions of resistance {unknown}
 x - 3 potions of might {unknown}
 z - a potion of invisibility {unknown}
 A - a potion of haste {unknown}
 B - a potion of ambrosia {unknown}


   Skills:
 - Level 2.1 Fighting
 * Level 15.4 Ranged Weapons
 - Level 1.5 Dodging
 - Level 1.1 Stealth
 - Level 3.0 Invocations


You had 9 spell levels left.
You didn't know any spells.
Your spell library contained the following spells:

 Spells                   Type           Power      Damage    Failure   Level
 Beastly Appendage        Tmut           0%         N/A       41%         1
 Shock                    Conj/Air       0%         1d3       41%         1
 Blink                    Tloc           0%         N/A       56%         2
 Wereblood                Tmut           0%         N/A       56%         2
 Lesser Beckoning         Tloc           0%         N/A       80%         3
 Spider Form              Tmut/Pois      0%         N/A       80%         3
 Swiftness                Air            0%         N/A       80%         3
 Airstrike                Air            0%         2d(0-16)  99%         4
 Freezing Cloud           Conj/Ice/Air   0%         6-21      100%        5
 Manifold Assault         Tloc           0%         N/A       100%        5
 Polar Vortex             Ice            0%         N/A       100%        9
 Simulacrum               Ice/Necr       Unusable   N/A       N/A         6

Dungeon Overview and Level Annotations

Branches:
Dungeon (9/15)             Temple (1/1) D:7            Lair (0/5) D:8
  Sewer (visited)
    Orc: D:9-12

Altars:
Ashenzari
Cheibriados
Dithmenos
Elyvilon
Fedhas
Gozag
Hepliaklqana
Kikubaaqudgha
Makhleb
Nemelex Xobeh
Okawaru
Qazlal
Ru
Sif Muna
Trog
Uskayaw
Vehumet
Wu Jian
Xom
Yredelemnul
Zin
The Shining One

Shops:
D:1 *   D:3 (   D:8 (


Innate Abilities, Weirdness & Mutations

You are immune to sickness and miasma.
Your stone body is resilient. (AC +7)
You are immune to poison.
You resist negative energy. (rN+)
You are resistant to electric shocks. (rElec)
You are resistant to unholy torment.
You are immune to petrification.


Message History

The arrow hits the large slime creature!
Lightning courses through the large slime creature!
The large slime creature is moderately wounded.
The slime creature closely misses you.
A large slime creature splits.
You shoot an arrow.
The arrow barely misses the slime creature.
The slime creature hits you. The slime creature barely misses you.
You shoot an arrow. The arrow hits the slime creature!
The slime creature is moderately wounded.
The slime creature hits you but does no damage.
The slime creature hits you! The slime creature barely misses you.
You shoot an arrow. The arrow hits the slime creature!
The slime creature is heavily wounded.
The slime creature hits you but does no damage.
You shoot an arrow. The arrow hits the slime creature.
Lightning courses through the slime creature!
The slime creature is almost dead.
The slime creature barely misses you. The slime creature hits you.
The slime creature hits you but does no damage.
You shoot an arrow. The arrow hits the slime creature!
The slime creature is almost dead.
The slime creature closely misses you. The slime creature hits you!
The slime creature hits you but does no damage.
You are too injured to fight recklessly!
You are too injured to fight recklessly!
You are too injured to fight recklessly!
You are too injured to fight recklessly!
As you read the scroll of teleportation, it crumbles to dust.
You feel strangely unstable. The slime creature hits you!
* * * LOW HITPOINT WARNING * * *
The slime creature hits you!
* * * LOW HITPOINT WARNING * * *
The slime creature hits you but does no damage.
The slime creature attacks as you move away!
The slime creature hits you but does no damage.
The slime creature attacks as you move away!
The slime creature barely misses you.
The slime creature attacks as you move away!
The slime creature hits you!
You die...

########
####......#####
##.....J@.......
.......JJ..#####
.#.........#
...........#
......#.####
......#.#
....#.#.# ..#.#
#.# #.# #.#


You could see 3 slime creatures.

Vanquished Creatures
  An ugly thing (D:7)
  Maurice (D:8)
  A slime creature (D:12)
  6 yaks (D:9)
  2 wyverns (D:7)
  Menkaure (D:7)
  Edmund (D:5)
  2 black bears (D:6)
  A water moccasin (D:7)
  3 sky beasts
  An orc warrior (D:7)
  2 centaurs
  A phantom (D:7)
  Blork the orc (D:5)
  A kobold brigand (Sewer)
  A bullfrog (D:8)
  3 necrophages
  4 scorpions
  5 wights (D:8)
  6 killer bees (D:7)
  5 howler monkeys
  3 orc priests
  7 hounds
  5 iguanas
  3 orc wizards
  7 gnolls
  11 adders
  6 river rats (Sewer)
  A shadow imp (D:8)
  3 white imps
  A worm (D:4)
  A dart slug (D:1)
  16 orcs
  13 ball pythons
  6 bats
  12 endoplasms
  3 giant cockroaches
  8 hobgoblins
  6 jackals
  8 quokkas
  5 frilled lizards
  5 goblins
  23 kobolds
  23 rats
225 creatures vanquished.

Notes
Turn   | Place    | Note
-------+----------+-------------------------------------------
     0 | D:1      | HoaS the Gargoyle Hunter began the quest for the Orb.
     0 | D:1      | Reached XP level 1. HP: 12/12 MP: 1/1
    21 | D:1      | Found a faded altar of an unknown god.
   239 | D:1      | Reached XP level 2. HP: 13/17 MP: 2/2
   309 | D:1      | Found Cefu's Assorted Antiques.
   555 | D:1      | Reached XP level 3. HP: 21/21 MP: 3/3
   598 | D:1      | Reached skill level 5 in Ranged Weapons
  1103 | D:2      | Identified the amulet "Hisiorche" {Reflect Harm rPois SH+5}
  1200 | D:2      | Reached XP level 4. HP: 26/26 MP: 4/4
  1792 | D:3      | Found Hesioli's Weapon Shoppe.
  1838 | D:3      | Reached skill level 6 in Ranged Weapons
  2113 | D:4      | Reached XP level 5. HP: 30/30 MP: 5/5
  2153 | D:4      | Reached skill level 7 in Ranged Weapons
  2153 | D:4      | Reached XP level 6. HP: 35/35 MP: 6/6
  2504 | D:4      | Found a bloodstained altar of Trog.
  2511 | D:4      | Noticed a sky beast
  2519 | D:4      | Killed a sky beast
  2520 | D:4      | Reached skill level 8 in Ranged Weapons
  2520 | D:4      | Reached XP level 7. HP: 36/40 MP: 7/7
  2578 | D:5      | Entered Level 5 of the Dungeon
  2679 | D:5      | Noticed Edmund
  2688 | D:5      | Killed Edmund
  2734 | D:5      | Reached skill level 9 in Ranged Weapons
  2947 | D:5      | Noticed Blork the orc
  2950 | D:5      | Killed Blork the orc
  3070 | D:6      | Found a glowing drain.
  3087 | Sewer    | Entered a sewer
  3190 | Sewer    | Reached XP level 8. HP: 34/44 MP: 8/8
  3386 | Sewer    | Reached skill level 10 in Ranged Weapons
  3994 | D:6      | Reached skill level 11 in Ranged Weapons
  4208 | D:6      | Reached XP level 9. HP: 48/48 MP: 9/9
  4354 | D:6      | Reached skill level 12 in Ranged Weapons
  4903 | D:7      | Identified the -1 hat "Goass" {Fly rElec Will+ rCorr}
  5058 | D:7      | Reached skill level 13 in Ranged Weapons
  5079 | D:7      | Noticed Menkaure
  5084 | D:7      | Killed Menkaure
  5302 | D:7      | Noticed a white ugly thing
  5312 | D:7      | Killed a white ugly thing
  5313 | D:7      | Reached skill level 14 in Ranged Weapons
  5564 | D:7      | Reached XP level 10. HP: 53/53 MP: 10/10
  5615 | D:7      | Found a staircase to the Ecumenical Temple.
  5929 | Temple   | Entered the Ecumenical Temple
  6136 | Temple   | Became a worshipper of Warmaster Okawaru
  6263 | D:8      | Noticed Maurice
  6280 | D:8      | Reached skill level 1 in Invocations
  6284 | D:8      | Killed Maurice
  6303 | D:8      | Found Wastriqi's Antique Weapon Boutique.
  6320 | D:8      | Found a staircase to the Lair.
  6578 | D:8      | Identified the +4 spear "Onoburph" {pain, Dex+6}
  6681 | D:8      | Found an ornate altar of the Wu Jian Council.
  6860 | D:9      | Reached * piety under Okawaru
  6868 | D:9      | Reached skill level 15 in Ranged Weapons
  7163 | D:9      | You fall into a shaft and drop 3 floors!
  7327 | D:12     | HP: 2/53 [slime creature (8)]
  7329 | D:12     | Mangled by a slime creature

Illustrated notes

Levels and vault maps discovered:
D:1:      sevenhm_arrival_forest_fort_small_3, layout_basic, serial_shops, shop,
          nicolae_ecumenical_lake_church, minmay_misc_feat_more_columns
D:2:      layout_rooms, grunt_ministairs_14
D:3:      layout_basic, serial_shops, nicolae_shop_window_shopping
D:4:      layout_gridville, nicolae_overflow_crystal_walls
D:5:      wad_pebble_path, layout_cave_pools, uniq_edmund, uniq_blork_the_orc
D:6:      layout_loops_cross, portal_sewer_entry_f, kennysheep_generic_room_12
D:7:      layout_loops_cross, temple_statues, hangedman_decor_growths,
          kennysheep_generic_room_15, uniq_menkaure
D:8:      layout_basic, kennysheep_mini_moat, lair_entry_dummy, serial_shops,
          shop, uniq_maurice
D:9:      layout_stronghold, david_orc_1_choice,
          ploomutoo_gammafunk_ghost_potion_laboratory
D:12:     layout_basic
Temple:   nicolae_temple_bog_church

Skill      XL: |  1  2  3  4  5  6  7  8  9 10 |
---------------+-------------------------------+-----
Ranged Weapons | 5 6 7 8 9 11 14 15 | 15.4
Invocations    | 3 |  3.0
Fighting       | |  2.1
Dodging        | |  1.5
Stealth        | |  1.1

Action                   |  1- 3 |  4- 6 |  7- 9 | 10-12 || total
-------------------------+-------+-------+-------+-------++-------
Melee: Shortbow          |       |     1 |       |       ||     1
 Fire: Shortbow          |   131 |   128 |   373 |   118 ||   750
Evoke: Wand              |       |       |     1 |       ||     1
  Use: Scroll            |     2 |     8 |     5 |     2 ||    17
       Potion            |       |       |     2 |       ||     2
Armor: Leather armour    |    27 |    32 |    62 |    18 ||   139
Dodge: Dodged            |    41 |    20 |    85 |    21 ||   167

Table legend: (Time is in decaauts)
 A = Elapsed time spent in this place.
 B = Non-inter-level travel time spent in this place.
 C = Inter-level travel time spent in this place.
 D = Time resting spent in this place.
 E = Time spent auto-exploring this place.
 F = Levels seen in this place.
 G = Mean time per level.
                   A        B        C        D        E       F      G
               +--------+--------+--------+--------+--------+-----+--------+
         Total |   7401 |   7039 |    362 |   1455 |   4271 |  12 |  616.8 |
       Dungeon |   6600 |   6274 |    326 |   1421 |   3767 |  10 |  660.0 |
        Temple |    235 |    199 |     36 |      0 |    182 |   1 |  235.0 |
         Sewer |    565 |    565 |      0 |     34 |    321 |   1 |  565.0 |
               +--------+--------+--------+--------+--------+-----+--------+

Top non-repeatable levels by time:
     D:7: 1304 daAuts
     D:6: 1071 daAuts
     D:1: 1021 daAuts
     D:3: 750 daAuts
   Sewer: 565 daAuts
     D:2: 549 daAuts
     D:8: 547 daAuts
     D:5: 478 daAuts
     D:9: 389 daAuts
     D:4: 327 daAuts
  Temple: 235 daAuts
    D:12: 160 daAuts
